 Dungeon Crawl Stone Soup version 0.30-b1-2-g02819fbbbe (webtiles) character file.

Game seed: 13890928548066833981

35 snakesoul the Shield-Bearer (level 3, -3/30 HPs)
             Began as a Formicid Fighter on May 31, 2023.
             Killed by nerve-wracking pain
             ... invoked by Jessica
              (14 damage)
             ... on level 2 of the Dungeon.
             The game lasted 00:01:20 (1090 turns).

snakesoul the Shield-Bearer (Formicid Fighter)      Turns: 1090, Time: 00:01:22

Health: -3/30      AC:  8    Str: 22    XL:     3   Next: 55%
Magic:  3/3        EV:  9    Int:  7    God:
Gold:   41         SH:  5    Dex: 13    Spells: 2/2 levels left

rFire   . . .        a - +0 war axe
rCold   . . .        c - +0 buckler
rNeg    . . .        b - +0 scale mail
rPois   .            (helmet unavailable)
rElec   .            (no cloak)
rCorr   .            l - +0 pair of gloves
SInv    +            (no boots)
Will    .....        (no amulet) Stlth
                     (no ring)
HPRegen 0.25/turn    (no ring)
MPRegen 0.08/turn

%: no passive effects
@: mighty
A: permanent stasis, dig shafts and tunnels, antennae 3, four strong arms
a: Dig, Shaft Self


You were on level 2 of the Dungeon.
You visited 1 branch of the dungeon, and saw 2 of its levels.

You collected 41 gold pieces.

Inventory:

Hand Weapons
 a - a +0 war axe (weapon)
Armour
 b - a +0 scale mail (worn)
 c - a +0 buckler (worn)
 l - a +0 pair of gloves (worn)
Scrolls
 g - a scroll of poison {unknown}
 h - a scroll of enchant weapon {unknown}
 i - a scroll of fear {unknown}
 k - a scroll of blinking {unknown}
Potions
 e - a potion of haste {unknown}
 f - 2 potions of heal wounds {unknown}
 j - a potion of lignification {unknown}


   Skills:
 + Level 3.7 Fighting
 + Level 2.4 Axes
 + Level 3.7 Armour
 + Level 4.5 Shields


You had 2 spell levels left.
You didn't know any spells.
Your spell library contained the following spells:

 Spells                   Type           Power      Damage    Failure   Level
 Summon Forest            Summ/Tloc      0%         N/A       100%        5
 Eringya's Noxious Bog    Tmut/Pois      0%         N/A       100%        6
 Summon Hydra             Summ           0%         N/A       100%        7


Dungeon Overview and Level Annotations

Branches:
Dungeon (2/15)

Altars:

Annotations:
D:2 Jessica


Innate Abilities, Weirdness & Mutations

You cannot be hasted, slowed, berserked, paralysed or teleported.
You can dig through walls and to a lower floor.
You have a pair of large antennae on your head. (SInv)
Your four strong arms can wield two-handed weapons with a shield.


Message History

You kill the quokka!
No target in view!
No target in view!
You see here a quokka corpse.
You now have 32 gold pieces (gained 10).
You now have 41 gold pieces (gained 9).
You sense a monster nearby.
A rat comes into view.
The rat bites you.
You slash the rat!
You kill the rat!
No target in view!
No target in view!
HP restored.
Jessica the Apprentice Sorceress comes into view.
She is wielding a +0 club.
Jessica shouts!
Jessica is nearby!
Jessica gestures wildly while chanting.
Jessica seems to speed up.
Jessica hits you with a +0 club.
You barely miss Jessica.
Jessica mumbles some strange words.
Jessica blinks!
Jessica casts a spell at you.
Your stasis prevents you from being slowed.
Jessica casts a spell at you. Pain shoots through your body!
Jessica mumbles something strange.
You are too injured to fight recklessly!
You are too injured to fight recklessly!
You are too injured to fight recklessly!
You feel very mighty all of a sudden. Jessica hits you with a +0 club.
You hit Jessica.
Jessica is severely wounded.
Jessica gestures at you while chanting.
You barely resist.
Jessica points at you and mumbles some strange words.
Pain shoots through your body!
You die...

#.. #.# #.# #..
#.# #.# #... #.#
#.# #... #.# #.#
#... #.# #.# #...
#.# #.# #... #@#
#.# #... #@# #.#
#... #.#
#.#########...
#.###........####.
#.##............†.
#.##.#######.####.
#..........#.# #.
#........#.#.# #.
########.# #.# #.


You could see Jessica (fast).

Vanquished Creatures
  2 dart slugs (D:1)
  A bat (D:1)
  5 endoplasms (D:1)
  2 giant cockroaches (D:1)
  2 goblins
  A hobgoblin (D:1)
  3 kobolds (D:1)
  4 quokkas
  A ball python (D:1)
  2 frilled lizards (D:1)
  6 rats
29 creatures vanquished.

Notes
Turn   | Place    | Note
-------+----------+-------------------------------------------
     0 | D:1      | snakesoul the Formicid Fighter began the quest for the Orb.
     0 | D:1      | Reached XP level 1. HP: 18/18 MP: 1/1
   269 | D:1      | Reached XP level 2. HP: 18/24 MP: 2/2
   519 | D:1      | Reached XP level 3. HP: 28/29 MP: 3/3
  1082 | D:2      | Noticed Jessica
  1090 | D:2      | Killed from afar by Jessica

Illustrated notes

Levels and vault maps discovered:
D:1:      lightli_arrival_statuegarden, layout_basic
D:2:      layout_basic, ebering_ecumenical_altar_box, uniq_sigmund, uniq_jessica

Action                     || total
---------------------------++-------
  Melee: War axe           ||    67
    Use: Potion            ||     1
 Armour: Scale mail        ||    26
  Dodge: Dodged            ||    26
  Block: Buckler           ||    13
